 Dungeon Crawl Stone Soup version 0.30-a0-930-gb9d0489357 (webtiles) character file.

Game seed: 2007686398580640402

53 funkygono the Covered (level 3, -5/33 HPs)
             Began as a Minotaur Fighter on Mar 23, 2023.
             Slain by a kobold
             ... wielding a +0 quarterstaff
              (8 damage)
             ... on level 2 of the Dungeon.
             The game lasted 00:01:44 (930 turns).

funkygono the Covered (Minotaur Fighter)             Turns: 930, Time: 00:01:45

Health: -5/33      AC:  8    Str: 25    XL:     3   Next: 62%
Magic:  2/2        EV: 10    Int:  5    God:
Gold:   102        SH:  4    Dex:  9    Spells: 2/2 levels left

rFire   . . .      SeeInvis .    a - +0 war axe
rCold   . . .      Faith    .    c - +0 buckler
rNeg    . . .      Spirit   .    m - +3 ring mail of Pathos {Will+ Str+3}
rPois   .          Reflect  .    (helmet restricted)
rElec   .          Rampage  .    (no cloak)
rCorr   .                        (no gloves)
Will    +....                    (no boots) Stlth
                                 (no amulet)
HPRegen 0.25/turn                (no ring)
MPRegen 0.08/turn                (no ring)

@: no status effects
A: horns 2, retaliatory headbutt
a: no special abilities


You were on level 2 of the Dungeon.
You visited 1 branch of the dungeon, and saw 2 of its levels.

You collected 102 gold pieces.

Inventory:

Hand Weapons
 a - a +0 war axe (weapon)
Armour
 b - a +0 scale mail
 c - a +0 buckler (worn)
 m - the +3 ring mail of Pathos (worn) {Will+ Str+3}
   (You found it on level 2 of the Dungeon)

   Str:       It affects your strength (+3).
   Will:      It increases your willpower.
Jewellery
 j - a ring of ice
Scrolls
 e - a scroll of fear {unknown}
 f - 2 scrolls of identify {unknown}
 h - a scroll of teleportation {unknown}
 l - a scroll of magic mapping {unknown}
 p - a scroll of vulnerability {unknown}
 q - a scroll of summoning {unknown}
Potions
 d - 4 potions of might
 g - 2 potions of cancellation {unknown}
 i - 2 potions of heal wounds {unknown}
 k - a potion of haste {unknown}
 n - a potion of flight {unknown}
 o - 2 potions of brilliance {unknown}


   Skills:
 + Level 4.2 Fighting
 + Level 3.2 Axes
 + Level 4.2 Armour
 + Level 0.1 Dodging
 + Level 4.1 Shields


You had 2 spell levels left.
You didn't know any spells.
Your spell library was empty.

Dungeon Overview and Level Annotations

Branches:
Dungeon (2/15)

Altars:


Innate Abilities, Weirdness & Mutations

You have a pair of horns on your head.
You reflexively headbutt those who attack you in melee.


Message History

The adder barely misses you.
You closely miss the adder.
The adder is almost dead.
The adder closely misses you. You block the adder's attack.
You closely miss the adder.
The adder is almost dead.
You block the adder's attack. The adder bites you but does no damage.
You miss the adder.
You headbutt the adder, but do no damage.
The adder is almost dead.
The adder barely misses you.
You hit the adder.
You kill the adder!
Found a short sword.
You see here a +0 short sword.
q - a scroll labelled UNEIVO TUNKUOR You now have 102 gold pieces (gained 14).
A kobold comes into view. It is wielding a +0 quarterstaff.
The kobold throws a stone.
The stone hits you but does no damage.
The kobold drinks a potion.
The kobold flickers and vanishes!
Deactivating autopickup; reactivate with Ctrl-A.
You barely miss something. Your headbutt misses something. Something hits you.
You barely miss something. You block something's attack.
Something hits you but does no damage.
You closely miss something. Something hits you.
You closely miss something. Something hits you!
You barely miss something. Something hits you.
Something hits you but does no damage.
You barely miss something. Something completely misses you.
You hit something but do no damage. Your headbutt misses something.
Something hits you! Something hits you but does no damage.
You closely miss something. Your headbutt misses something.
You block something's attack.
You closely miss something. Something hits you.
* * * LOW HITPOINT WARNING * * *
You miss something. Your headbutt misses something. Something hits you.
* * * LOW HITPOINT WARNING * * *
Something hits you but does no damage.
You miss something. Your headbutt misses something. Something hits you!
You die...

#..# #.# #..#####...
##.##### #.........#
#....... #.######.#.
####..##### #.#
#.......... #.#
#.##..##### ##.## #
####.##..##...
#...#####...##.##..).###
#.#....@{...##.##.##.# #
#...#####...##.##.##.###
##### #..............
#####<##.######
#.......... ####.......
########


There were no monsters in sight!

Vanquished Creatures
  Natasha (D:2)
  An adder (D:2)
  An endoplasm (D:2)
  A giant cockroach (D:1)
  2 goblins
  2 hobgoblins
  3 quokkas (D:1)
  2 ball pythons (D:1)
  A bat (D:1)
  2 frilled lizards (D:1)
  A kobold (D:1)
  3 rats
20 creatures vanquished.

Notes
Turn   | Place    | Note
-------+----------+-------------------------------------------
     0 | D:1      | funkygono the Minotaur Fighter began the quest for the Orb.
     0 | D:1      | Reached XP level 1. HP: 19/19 MP: 0/0
   209 | D:1      | Reached XP level 2. HP: 26/27 MP: 1/1
   530 | D:2      | Noticed Natasha
   536 | D:2      | Killed Natasha
   537 | D:2      | Reached XP level 3. HP: 28/33 MP: 2/2
   570 | D:2      | Identified the +3 ring mail of Pathos {Will+ Str+3}
   930 | D:2      | Slain by a kobold

Illustrated notes

Levels and vault maps discovered:
D:1:      minmay_arrival_doors, layout_basic, amethyst_killhole
D:2:      layout_loops_ring, uniq_natasha

Skill      XL: |  1  2 |
---------------+-------+-----
Fighting       | 4 |  4.2
Axes           | 3 |  3.2
Armour         | 4 |  4.2
Shields        | 4 |  4.1
Dodging        | |  0.1

Action                     || total
---------------------------++-------
  Melee: War axe           ||    55
         Headbutt          ||     6
 Armour: Scale mail        ||    16
         Ring mail         ||     9
  Dodge: Dodged            ||    23
  Block: Buckler           ||    10

Table legend: (Time is in decaauts)
 A = Elapsed time spent in this place.
 B = Non-inter-level travel time spent in this place.
 C = Inter-level travel time spent in this place.
 D = Time resting spent in this place.
 E = Time spent auto-exploring this place.
 F = Levels seen in this place.
 G = Mean time per level.
                   A        B        C        D        E       F      G
               +--------+--------+--------+--------+--------+-----+--------+
         Total |    968 |    952 |     16 |      0 |    701 |   2 |  484.0 |
       Dungeon |    968 |    952 |     16 |      0 |    701 |   2 |  484.0 |
               +--------+--------+--------+--------+--------+-----+--------+

Top non-repeatable levels by time:
     D:1: 535 daAuts
     D:2: 433 daAuts
